 Dungeon Crawl Stone Soup version 0.18-a0-23-g19353e1 (webtiles) character file.

184 Ijustatesigmund the Sneak (level 5, 0/31 HPs)
             Began as an Octopode Wizard on Nov 2, 2015.
             Was a Follower of Cheibriados.
             Killed from afar by radek's ghost (7 damage)
             ... with a magic dart
             ... on level 3 of the Dungeon.
             The game lasted 00:08:24 (3691 turns).

Ijustatesigmund the Sneak (Octopode Wizard)         Turns: 3691, Time: 00:08:24

Health: 0/31       AC:  1    Str:  9    XL:     5   Next: 63%
Magic:  5/9        EV: 18    Int: 25    God:    Cheibriados [*.....]
Gold:   171        SH:  0    Dex: 18    Spells: 4 memorised, 2 levels left

rFire  . . .     SeeInvis +     d - +2 whip (flame)
rCold  . . .     Clarity  .     (no shield)
rNeg   . . .     SustAt   .     a - +0 hat
rPois  .         Gourm    .     (no amulet)
rElec  .         Spirit   .     n - ring of see invisible
rCorr  .         Warding  .     (no ring)
rMut   .         Stasis   .     (no ring)
MR     .....                    (no ring)
Stlth  +++++.....               (no ring)
                                (no ring)
                                (no ring)
                                (no ring)

@: agile, very slow, not resistant to hostile enchantments, quite stealthy
A: almost no armour, amphibious, 8 rings, constrict 8, camouflage 1, gelatinous
body 1
a: Bend Time, Renounce Religion


You were on level 3 of the Dungeon.
You worshipped Cheibriados.
Cheibriados was aware of your devotion.
You were not hungry.

You visited 1 branch of the dungeon, and saw 3 of its levels.

You collected 171 gold pieces.

Inventory:

Hand Weapons
 d - a +2 whip of flaming (weapon)
 g - a +4 whip
 p - a cursed -3 blowgun
Missiles
 j - 12 tomahawks (quivered)
 q - 14 poisoned needles
Armour
 a - a +0 hat (worn)
Jewellery
 n - a ring of see invisible (left tentacle)
Scrolls
 o - a scroll of enchant weapon
 s - a scroll of identify
 t - 2 scrolls of teleportation
 u - a scroll of fear
Potions
 h - a potion of agility
 i - a potion of degeneration {unknown}
 k - a potion of haste {unknown}
 l - a potion of magic {unknown}
 v - a potion of mutation {unknown}
Books
 b - a book of Minor Magic

   Spells                             Type                      Level
   a - Magic Dart                     Conjuration                  1
   b - Blink                          Translocation                2
   c - Call Imp                       Summoning                    2
   d - Repel Missiles                 Charms/Air                   2
   e - Slow                           Hexes                        2
   f - Conjure Flame                  Conjuration/Fire             3
   g - Mephitic Cloud                 Conjuration/Poison/Air       3
Comestibles
 c - 2 bread rations
 f - 3 meat rations
 m - 2 slices of pizza
 r - 5 fruits


   Skills:
 + Level 2.2 Dodging
 - Level 5.1 Stealth
 - Level 3.0 Spellcasting
 + Level 3.5 Conjurations
   Level 1.0 Summonings
 - Level 1.0 Translocations
 + Level 2.1 Invocations


You had 2 spell levels left.
You knew the following spells:

 Your Spells              Type           Power        Failure   Level  Hunger
a - Magic Dart            Conj           ###.         2%          1    None
b - Blink                 Tloc           N/A          12%         2    ##.....
c - Repel Missiles        Chrm/Air       #.....       17%         2    ##.....
d - Mephitic Cloud        Conj/Pois/Air  #.......     21%         3    ###....


Dungeon Overview and Level Annotations

Branches:
Dungeon (3/15)

Altars:
Cheibriados
Kikubaaqudgha
Makhleb
Yredelemnul

Annotations:
D:3 radek's ghost, amateur DECj


Innate Abilities, Weirdness & Mutations

You cannot wear most types of armour.
You are amphibious.
You can wear up to eight rings at the same time.
You can use your tentacles to constrict eight enemies at once.
Your skin changes colour to match your surroundings (Stealth).
Your rubbery body absorbs attacks (AC +1).


Message History

Radek's ghost barely misses you.
Drink which item? (? for menu, Esc to quit)
You feel better. Radek's ghost misses you.
You closely miss radek's ghost. You squeeze radek's ghost!
Radek's ghost is severely damaged.
Radek's ghost casts a spell at you. The magic dart hits you!
* * * LOW HITPOINT WARNING * * *
You closely miss radek's ghost.
Radek's ghost is severely damaged.
Radek's ghost hits you.
* * * LOW HITPOINT WARNING * * *
You miss radek's ghost. You squeeze radek's ghost.
Radek's ghost is severely damaged.
Radek's ghost completely misses you.
You hit radek's ghost. You burn radek's ghost. You squeeze radek's ghost.
Radek's ghost is almost destroyed.
Radek's ghost casts a spell at you. The magic dart hits you!
You die...

.................'.......#....#
##8##...##8###8#.#######.###..#
####...#### ###.# ****#.###..#
#8...8# ### *,,,#......#
##...## *,,,#......### #...#
*,..#......'.. ##...##
#######...#......### #8...8#
#.........#..[...# ##...##
#..@W#***,#......#
#...######.[..# *,#.....##
#..........#### *,#######***
##########.# *,,,,,,,,,,, #.#
************ #.# #.# #.#
#.#**********


You could see radek's ghost.

Vanquished Creatures
  Natasha (twice) (D:3)
  8 adders
  2 worms
  3 giant geckos
  An orc (D:3)
  9 bats
  A giant cockroach (D:1)
  10 goblins
  7 hobgoblins
  6 jackals
  10 kobolds
  3 ball pythons
  4 giant newts
  7 rats
73 creatures vanquished.

Notes
Turn   | Place    | Note
--------------------------------------------------------------
     0 | D:1      | Ijustatesigmund the Octopode Wizard began the quest for the Orb.
     0 | D:1      | Reached XP level 1. HP: 11/11 MP: 4/4
   120 | D:1      | Reached XP level 2. HP: 9/17 MP: 1/6
   258 | D:1      | Learned a level 2 spell: Blink
   261 | D:1      | Learned a level 2 spell: Repel Missiles
   833 | D:1      | Reached skill level 4 in Stealth
   867 | D:1      | Reached XP level 3. HP: 21/21 MP: 2/7
  1626 | D:2      | Found a snail-covered altar of Cheibriados.
  1631 | D:2      | Found an ancient bone altar of Kikubaaqudgha.
  1638 | D:2      | Became a worshipper of Cheibriados the Contemplative
  1646 | D:2      | Found a basalt altar of Yredelemnul.
  1651 | D:2      | Learned a level 3 spell: Mephitic Cloud
  2232 | D:2      | Reached XP level 4. HP: 15/27 MP: 0/8
  2419 | D:3      | Found a burning altar of Makhleb.
  2438 | D:3      | Reached skill level 1 in Invocations
  2637 | D:3      | Reached * piety under Cheibriados
  2879 | D:3      | Noticed Natasha
  2908 | D:3      | Killed Natasha
  2908 | D:3      | Reached skill level 5 in Stealth
  2908 | D:3      | Reached XP level 5. HP: 31/31 MP: 3/9
  3492 | D:3      | Noticed Natasha
  3494 | D:3      | Killed Natasha
  3677 | D:3      | Noticed radek's ghost (amateur DECj)
  3691 | D:3      | Killed from afar by radek's ghost

Vault maps used:
D:1:      minmay_arrival_shattered_statue
D:2:      minitemple, minivault_11
D:3:      overflow_temple_1_default, lemuel_doored_altar, serial_corexii_hall,
          corexii_hall_statues_x, corexii_hall_statues_i,
          minmay_close_crescents, uniq_natasha

Action                   |  1- 3 |  4- 6 || total
-------------------------+-------+-------++-------
Melee: Whip              |    33 |    30 ||    63
 Cast: Magic Dart        |    81 |    60 ||   141
       Repel Missiles    |     1 |       ||     1
       Blink             |       |     1 ||     1
  Use: Scroll            |     7 |     2 ||     9
       Potion            |       |     3 ||     3
 Stab: Sleeping          |     3 |     3 ||     6
  Eat: Chunk             |     2 |     3 ||     5
       Royal jelly       |     1 |       ||     1
